[Event "29th Bosnjaci Open 2025"]
[Site "Bosnjaci"]
[Date "2025.01.05"]
[Round "4.12"]
[White "Franc, Borna"]
[Black "Kejzar, Petra"]
[Result "1/2-1/2"]
[ECO "B22"]
[WhiteElo "2287"]
[BlackElo "2040"]
[Annotator "TA"]
[PlyCount "97"]
[EventDate "2025.01.04"]
[EventType "swiss"]
[EventCountry "CRO"]
[SourceTitle "playchess.com"]
[Source "ChessBase"]
[SourceQuality "1"]
[TimeControl "5400+30"]

1. e4 c5 2. d3 Nc6 3. Be2 Nf6 4. f4 d6 5. Nf3 g6 6. O-O Bg7 7. c3 O-O 8. Qe1 {[%emt 0:00:57] [#]} c4 $1 9. Qh4 (9. Na3 cxd3) 9... cxd3 10. Bxd3 Qa5 11. h3 Be6 (11... e5 $11) 12. Be3 $14 Qh5 13. Qf2 d5 14. Ng5 Nxe4 15. Bxe4 dxe4 16. g4 Qh6 17. Nd2 {[%emt 0:09:12][%cal Og5e6] Wards off Bc4} Bc8 18. f5 $2 {[%emt 0:05:04] [#]} (18. Ndxe4 $11 {and White stays safe.} f5 (18... f6 19. Qg3 $15) 19. gxf5) 18... gxf5 ({Black should play} 18... f6 $1 $19 19. Ngxe4 Qxh3) 19. gxf5 $15 Qh5 20. Qg2 (20. Ndxe4 $11 h6 21. Ng3) 20... Kh8 21. Ndxe4 Be5 $1 22. Qg4 Qxg4+ 23. hxg4 f6 24. Nf3 Rg8 25. Nxe5 Nxe5 26. g5 Bd7 27. Nc5 Bb5 $36 {[%emt 0:01:15][%mdl 2048] White is under strong pressure.} (27... fxg5 $2 28. Bd4 (28. Nxb7 Nc6 $18) 28... Rgd8 29. Nxb7 $18 (29. Bxe5+ Kg8 $18)) 28. Rfd1 (28. Ne6 $17) 28... Nf3+ $19 (28... fxg5 $2 29. Bd4 (29. Nxb7 Nf3+ 30. Kf2 g4 $15) 29... Rgf8 30. Re1 (30. Bxe5+ Kg8 $18) 30... Rxf5 31. Rxe5 Rxe5 32. Re1 $18 (32. Bxe5+ Kg8 $18)) 29. Kf2 Nxg5 30. Rh1 b6 31. Ne6 {[%emt 0:00:28] [#] and Nxg5 would now be decisive} Nxe6 (31... Ne4+ $1 $19 32. Kf3 Ng3) 32. fxe6 $17 Bc6 33. Rh2 (33. Rhg1 $142) 33... Bd5 34. Bd4 Rg7 (34... Bxe6 35. Re1 Bd5 36. Rxe7 $16) 35. a4 Bxe6 36. a5 b5 37. a6 Bd5 38. Ra5 Bc6 39. c4 (39. Ke1 $17) 39... Rg5 (39... Rg4 $19 40. cxb5 Rxd4 41. bxc6 Rd2+ 42. Kg3 Rg8+ 43. Kh3 Rd3+ 44. Kh4 Rd4+ 45. Kh3 Rc4) 40. Rh4 (40. Ke1 $17) 40... Kg8 (40... e5 $19 {has better winning chances.} 41. Bc5 Rg2+ 42. Ke1 Rxb2) 41. Ke1 bxc4 (41... Rd8 $17 {And now ...h5 would win.} 42. cxb5 Rd6 (42... Rxb5 43. Ra3 $17) (42... Bxb5 $2 43. Bxa7 Re5+ 44. Kf2 $19)) 42. Rxg5+ $11 fxg5 $17 {[%emt 0:00:04][%mdl 4096] Endgame KRB-KRB. Black is 3 pawns up.} 43. Rh5 Be4 44. Rxg5+ Kf7 45. Rc5 Bd3 46. Rc7 {[%emt 0:00:03][%cal Oe1d2] [#]} c3 $1 47. bxc3 (47. Bxc3 Bxa6) 47... Bxa6 48. Bc5 $1 Bd3 49. Rxe7+ 1/2-1/2

[Event "29th Bosnjaci Open 2025"]
[Site "Bosnjaci"]
[Date "2025.01.05"]
[Round "4.13"]
[White "Gal, Andrej"]
[Black "Fridl, Miroslav"]
[Result "1-0"]
[ECO "A80"]
[WhiteElo "2256"]
[BlackElo "1992"]
[Annotator "TA"]
[PlyCount "107"]
[EventDate "2025.01.04"]
[EventType "swiss"]
[EventCountry "CRO"]
[SourceTitle "playchess.com"]
[Source "ChessBase"]
[SourceQuality "1"]
[TimeControl "5400+30"]

1. d4 f5 2. Bf4 Nf6 3. e3 g6 4. h4 h6 5. Nc3 Bg7 6. Qf3 d6 $1 7. Bc4 e6 8. Qg3 {[%emt 0:04:08] White is much more active.} Kf7 $1 9. O-O-O Nh5 (9... Qe8 $14) 10. Qh3 Nxf4 11. exf4 d5 12. Be2 Nc6 13. Nf3 Bf6 (13... h5 $16) 14. Bb5 Ne7 15. Ne2 {[%emt 0:09:22] A dynamic duo of knights.} (15. h5 $142 $1) 15... c6 $16 16. Bd3 Bd7 (16... h5 $142) 17. Rhg1 (17. g4 $16) 17... Qa5 (17... h5 $14 {is more appropriate.}) 18. Kb1 c5 19. c3 ({White should try} 19. dxc5 $1 $16 {g4 would now be deadly.} Qxc5 20. g4) 19... c4 $11 20. Bc2 b5 {[%emt 0:03:56] [#]} (20... h5 $1 $14) 21. Ne5+ (21. h5 $1 $16 ) 21... Bxe5 22. fxe5 b4 23. cxb4 Qxb4 24. Qc3 Qb6 (24... Rhb8 $11) 25. g4 $16 Rag8 26. Nf4 (26. gxf5 {feels hotter.} gxf5 27. Nf4 Rb8 28. a3) 26... Nc6 (26... Rb8 $16 {was necessary.}) 27. gxf5 $18 gxf5 {[%emt 0:01:15] [#]} 28. Nh5 $1 Ke7 $2 (28... Qa5 29. Rxg8 (29. Qe3 $2 Nb4 $19) 29... Rxg8) 29. Nf6 Rxg1 30. Rxg1 Kd8 31. Rg7 Bc8 (31... Be8 $142 32. Qa3 (32. Ba4 Qxd4 33. Qxd4 Nxd4 $18) 32... Kc8) 32. Ba4 Nxd4 (32... Nb4 $18 33. Ng8 Rxg8 34. Rxg8+ Kc7) 33. Qa3 Ba6 34. Qe7+ (34. Ng8 $142 Kc8 35. Qf8+ Qd8 36. Qc5+ (36. Bd7+ Kb7 37. Qxd8 Rxg8 38. Rxg8 Nc6 39. Qc8+ Kb6 40. Qxc6+ Ka5 41. Qc5+ Bb5 42. Qxb5#) 36... Nc6 37. Bxc6 (37. Qxc6+ Kb8 $18) (37. Ne7+ Kc7 38. Nxc6+ Qd7 39. Rxd7+ Kxd7 40. Nd4+ Bb5 41. Bxb5+ Kd8 42. Nxe6#) 37... Qd7 38. Bxd7+ (38. Rxd7 Rxg8 39. Bb5+ Kb8 40. Qxa7+ Kc8 41. Bxa6#) 38... Kb8 39. Be8 (39. Bxe6 Bb7 40. Qf8+ Bc8 41. Qxc8#) (39. Qd6+ Kb7 40. Bxe6+ Ka8 41. Bxd5+ Bb7 42. Bxb7#) 39... h5 40. Qxa7+ Kc8 41. Qc7#) 34... Kc8 35. Bd7+ (35. Qxa7 Qxa7 36. Rxa7 Bb7 $11) 35... Kb8 {[%emt 0:01:00] [#]} 36. Bxe6 $1 Bb5 37. Bxd5 (37. Nxd5 c3 38. bxc3 (38. Nxb6 Bd3+ 39. Kc1 Ne2+ 40. Kd1 c2+ 41. Kd2 c1=Q+ 42. Kxd3 Nf4+ 43. Kd4 Qxb2+ 44. Kc4 Qxa2+ 45. Kb4 Qb2+ 46. Ka4 Qxb6 $11) 38... Bd3+ 39. Kc1 Qb1+ 40. Kd2 Qc2+ 41. Ke3 Qe2+ 42. Kxd4 Qe4+ 43. Kc5 Qc4+ 44. Kd6 Qa6+ $11) (37. Bg8 $142 {Intending Qf8+ and mate.} Ne6 38. Nxd5 (38. Qxe6 Qxe6 39. Bxe6 d4 $18) (38. Bxe6 c3 $18) 38... Nxg7 39. Nxb6 Rxg8 40. Qd6+ Kb7 41. Nxc4 Bxc4 42. Qb4+ (42. Qxh6 Ne6 $18) 42... Ka8 43. Qxc4) 37... Rd8 38. Qb7+ Qxb7 39. Rxb7+ Kc8 {[%emt 0:00:00][%cal Od8d5] And now ...Rxd5! would win.} 40. Rxa7 Kb8 41. Rh7 Ba4 42. Rb7+ Kc8 43. Rb4 Bb5 44. Bxc4 (44. a4 $142) 44... Bc6 45. a4 Be4+ (45... Nf3 $142 46. e6 Rd4) 46. Ka2 Nc6 47. Ba6+ Kc7 48. Rb7+ Kc8 49. Nxe4 fxe4 50. Rb4+ Kc7 51. Rxe4 Rb8 52. Bb5 Ne7 53. e6 Rf8 54. Rd4 1-0

[Event "29th Bosnjaci Open 2025"]
[Site "Bosnjaci"]
[Date "2025.01.05"]
[Round "4.14"]
[White "Petricevic, Mateo"]
[Black "Glavas, Dragan"]
[Result "1-0"]
[ECO "D02"]
[WhiteElo "2060"]
[BlackElo "2251"]
[Annotator "TA"]
[PlyCount "79"]
[EventDate "2025.01.04"]
[EventType "swiss"]
[EventCountry "CRO"]
[SourceTitle "playchess.com"]
[Source "ChessBase"]
[SourceQuality "1"]
[TimeControl "5400+30"]

1. Nf3 d5 2. g3 Nd7 3. d4 Nb6 4. Bg2 h6 5. Ne5 Nf6 6. a4 a5 7. b3 Ng4 8. Nxg4 Bxg4 9. f3 Bh5 10. Ba3 g5 11. Qd2 Bg7 12. Nc3 O-O 13. g4 (13. h4 $16 g4 14. O-O-O) 13... Bg6 $11 14. h4 (14. e3 $14) 14... Re8 (14... e5 $11) 15. hxg5 (15. O-O-O $14) 15... hxg5 16. O-O-O (16. Qxg5 {with more complications.} e5 17. Qxd8 Raxd8 18. Nb5) 16... e5 17. e3 exd4 $1 18. exd4 c6 19. Ne2 $36 {[%emt 0:12:45][%mdl 2048] White fights for an advantage.} Nd7 20. Ng3 b5 {[%emt 0:05:13] Hoping for ...bxa4.} 21. Nf5 Bxf5 22. gxf5 b4 (22... bxa4 $14 {deserves consideration.} 23. bxa4 Bf6) 23. Bb2 $16 Qf6 (23... Qe7 $142) 24. Rh5 (24. Kb1) 24... c5 $2 {[%emt 0:02:06] [#]} (24... Re7 $16) 25. Qxg5 $2 ({Not} 25. Rxg5 c4 $14) (25. f4 $1 $18 {is the precise move to win.}) 25... c4 26. Kb1 ({White should try} 26. f4 $16) 26... Qxg5 27. Rxg5 c3 $2 (27... cxb3 $1 $11 28. cxb3 Kf8) 28. Bc1 $18 Kf8 29. Bf4 f6 30. Rg6 {[%emt 0:00:27] Black must now prevent Bd6+.} Kf7 31. Bf1 Rh8 {[%emt 0:00:14] Black is weak on the light squares} 32. Bb5 Nf8 33. Rg2 Rh5 34. Rdg1 Bh8 35. Bc6 Rd8 36. Bc7 {[%emt 0:00:13][%csl LRa5,LRd8] A strong pair of Bishops.} Rc8 37. Bxd5+ Ke7 {[%emt 0:00:40] [#]} 38. Rg7+ $1 Bxg7 39. Rxg7+ Ke8 40. Bf7+ 1-0

[Event "29th Bosnjaci Open 2025"]
[Site "Bosnjaci"]
[Date "2025.01.05"]
[Round "4.15"]
[White "Besedes, Danilo"]
[Black "Baturina, Marin"]
[Result "1-0"]
[ECO "A13"]
[WhiteElo "2239"]
[BlackElo "1976"]
[Annotator "TA"]
[PlyCount "79"]
[EventDate "2025.01.04"]
[EventType "swiss"]
[EventCountry "CRO"]
[SourceTitle "playchess.com"]
[Source "ChessBase"]
[SourceQuality "1"]
[TimeControl "5400+30"]

1. Nf3 d5 2. e3 Nf6 3. c4 e6 4. b3 Nbd7 5. Bb2 Be7 6. Nc3 O-O 7. Qc2 b6 8. cxd5 exd5 9. d4 Bb7 10. Bd3 h6 11. O-O c5 12. Rad1 Rc8 13. Bf5 Qc7 {[%emt 0:03:51] Prevents Ne5} 14. Qb1 Rcd8 15. Nb5 Qb8 16. Ne5 a6 (16... Rfe8 $5) 17. Nc3 cxd4 (17... Nxe5 18. dxe5 Ne8 (18... Qxe5 $2 19. Nxd5 Qxd5 20. Rxd5 $18) 19. Ne2 $14) 18. Nxd7 Nxd7 19. Rxd4 Nf6 20. Ne2 Bd6 {[%emt 0:02:56] Inhibits Rf4.} 21. Rh4 Be5 22. Nd4 Ne4 23. Nf3 {[%emt 0:11:19] Prevents Nd2} ({White should play} 23. Qd1 $16) 23... Bxb2 $11 24. Qxb2 Rfe8 25. Rg4 $40 {[%emt 0:01:46][%cal Bh4g4,Bg4g3,Bg3f3][%mdl 160] White mounts an attack.} g5 26. Bxe4 (26. Nxg5 hxg5 27. f3 Nc5 28. Rxg5+ Kf8 29. Rh5) 26... Rxe4 27. Rg3 Qd6 28. Rc1 (28. h4 {is interesting.} g4 29. Nd2 h5 30. Nxe4 dxe4 31. Qd4) 28... f6 29. Nd4 Qd7 (29... Rc8 $142) 30. Rf3 Rf8 31. Ne2 (31. h4 $16) 31... Re6 (31... d4 $11) 32. Qd4 $16 Rc6 33. h4 (33. Rxc6 $142 Qxc6 34. g4) 33... Rxc1+ 34. Nxc1 Qe6 35. Ne2 Ba8 (35... Qe4 $16) 36. Ng3 $18 Qe5 $2 (36... f5 {is a better defense.} 37. hxg5 hxg5) 37. Qxb6 gxh4 (37... d4 $142) 38. Nf5 Qa1+ 39. Kh2 {[%emt 0:00:06] and Qe6+ would now be decisive} d4 {[%emt 0:01:15] [#]} 40. Qa7 $1 1-0

[Event "29th Bosnjaci Open 2025"]
[Site "Bosnjaci"]
[Date "2025.01.05"]
[Round "4.16"]
[White "Pirvulescu, Ekaterina"]
[Black "Jusup, Matej"]
[Result "1-0"]
[ECO "B13"]
[WhiteElo "2043"]
[BlackElo "2238"]
[Annotator "TA"]
[PlyCount "131"]
[EventDate "2025.01.04"]
[EventType "swiss"]
[EventCountry "CRO"]
[SourceTitle "playchess.com"]
[Source "ChessBase"]
[SourceQuality "1"]
[TimeControl "5400+30"]

1. e4 c6 2. d4 d5 3. exd5 cxd5 4. Bd3 Nc6 5. c3 Qc7 6. h3 e6 {[%emt 0:00:23] is recently more successful than 6...Nf6. B13: Caro-Kann: Exchange Variation and Panov-Botvinnik Attack.} 7. Nf3 Bd6 8. O-O Nge7 9. Re1 Bd7 10. Qe2 f6 11. c4 Nb4 12. c5 Nxd3 13. Qxd3 Bf4 14. Nc3 a6 $146 ({Predecessor:} 14... Bxc1 15. Raxc1 a6 16. h4 O-O 17. b4 b5 18. g3 Kh8 19. Kg2 Rad8 20. Re2 e5 21. dxe5 {1-0 Perez Garcia,A (2182)-Garcia Gil,J (2127) Barcelona Sant Marti op 8th 2019 (4)}) 15. b4 Kf7 16. Bxf4 Qxf4 17. a4 g5 18. g3 Qc7 19. b5 h5 20. bxa6 bxa6 21. Rab1 Ng6 22. Rb6 h4 23. Kg2 hxg3 24. fxg3 (24. Rxa6 $2 Nf4+ 25. Kf1 $19) 24... Ne7 25. Rxa6 $2 (25. Reb1 $16 {and life is bright.}) 25... Rxa6 $19 26. Qxa6 Nf5 27. Ne2 Ne3+ (27... Rb8 $19 {has better winning chances. Threatens to win with ...Rb2.} 28. Qd3 Rb2 (28... Bxa4 29. g4 $17) 29. Nxg5+ fxg5) 28. Kf2 Nc4 29. Rb1 {[%emt 0:03:14] [#]} (29. Rc1 $17 {was necessary.}) 29... Bc6 $1 $19 (29... Rxh3 $2 30. Rb7 Qc8 31. c6 $18) 30. Rb6 Nxb6 31. cxb6 Qd7 32. Nc3 Kg7 (32... Rxh3 $142 33. a5 Qd6) 33. Qa5 ({White should play} 33. h4 g4 34. Ne1) 33... Rxh3 $17 34. Qc5 (34. Qb4 $17 {was worth a try.}) 34... Bxa4 $2 (34... Rh1 $19 {[%cal Og7g8] ...Kg8! would now be deadly.} 35. a5 Bb7) 35. Nxa4 $11 Qxa4 36. Qc7+ Kg6 37. b7 $1 Qa2+ 38. Ke3 Qb3+ 39. Kf2 Rh8 40. Qc8 $1 Qb2+ 41. Ke3 Qa3+ 42. Kf2 Qb2+ 43. Ke3 Qa3+ 44. Kf2 Qf8 45. Qxe6 (45. b8=Q $2 Qxc8 46. Qb2 Qc4 $19) 45... Kg7 46. Qd7+ (46. Qxd5 $2 Qe7 47. Ng1 Rh2+ (47... Rb8 48. Ne2 $15) 48. Kf3 Rb2 $19) 46... Qf7 47. Qc8 Qg8 48. Qd7+ (48. b8=Q $2 Qxc8 49. Qxc8 Rxc8 $19) 48... Qf7 49. Qc8 Qg8 50. Qd7+ (50. b8=Q $2 Qxc8 51. Qd6 Qc2+ 52. Kg1 Ra8 53. Qe7+ Kg6 $19) 50... Kh6 (50... Qf7 $5 51. Qc8 $8 $11) 51. Qd6 Kg7 52. Qc7+ Kg6 53. Qd6 Qe8 $2 (53... Kg7 $11) 54. Ne5+ (54. Qxd5 $2 Qe7 55. Qc6 Kg7 $17) 54... Kf5 55. Qd7+ (55. b8=Q $142 fxe5 56. Qb1+ e4 57. Qxd5+ Kg6 58. Qb6+ (58. Qbxe4+ Qxe4 59. Qxe4+ Kh6 $18) 58... Kh5 59. Qf5 e3+ 60. Kg1 Qc6 61. Qxc6 Rh6 62. Qh3#) 55... Qxd7 $18 56. Nxd7 Ke4 57. Nxf6+ (57. b8=B Kxd4 (57... Rh6 58. Bc7 $11) 58. Ba7+ Kd3 59. Nc5+ Kc3 $15) 57... Kxd4 58. Nd7 Kc3 59. b8=Q ({Inferior is} 59. b8=B d4 60. Be5 Rd8 $17) 59... Rxb8 60. Nxb8 d4 61. Nd7 d3 62. Nf6 d2 63. Ne4+ Kd3 64. Nxd2 $1 Kxd2 65. Kf3 Ke1 {[%emt 0:00:06] [#]} 66. g4 $1 1-0

[Event "29th Bosnjaci Open 2025"]
[Site "Bosnjaci"]
[Date "2025.01.05"]
[Round "4.17"]
[White "Sipic, Hrvoje"]
[Black "Jelecevic, Ivo"]
[Result "1/2-1/2"]
[ECO "B50"]
[WhiteElo "2213"]
[BlackElo "1972"]
[Annotator "TA"]
[PlyCount "87"]
[EventDate "2025.01.04"]
[EventType "swiss"]
[EventCountry "CRO"]
[SourceTitle "playchess.com"]
[Source "ChessBase"]
[SourceQuality "1"]
[TimeControl "5400+30"]

1. e4 c5 2. Nf3 d6 3. c3 Nf6 4. Be2 a6 5. O-O Bg4 6. Qc2 e6 7. d4 Be7 8. dxc5 dxc5 9. Bg5 (9. Bf4 {seems wilder.} Nh5 10. Rd1 Nd7 11. Ne5) 9... O-O 10. Nbd2 h6 11. Bh4 Nh5 12. Bxe7 Qxe7 13. Nc4 Nf4 14. Nce5 {[%emt 0:14:44] Prevents Nc6} Nxe2+ 15. Qxe2 Bxf3 16. Qxf3 Qc7 17. Ng4 Nc6 18. Rfe1 Rad8 19. Re2 {[%emt 0:07:20] Inhibits Rd2.} Rd7 20. g3 Rfd8 21. Rae1 c4 ({Black should try} 21... Qa5 22. a3 Qb5) 22. Kg2 $17 b5 23. h4 Rd3 24. Re3 Rd2 25. R1e2 h5 26. Nh2 $1 g6 27. Qf4 Qxf4 28. gxf4 Rd1 $36 {[%emt 0:00:24][%mdl 2048] Keeping White busy.} 29. f5 {[%emt 0:02:38] [#]} Ne5 $1 $19 (29... gxf5 30. exf5 exf5 31. Re8+ Kg7 32. R8e3) 30. fxe6 (30. Rc2 $142) 30... fxe6 31. Rg3 (31. Nf3 {is a better defense.} Ng4 32. e5 Nxe3+ 33. fxe3) 31... Kg7 $2 (31... R8d2 32. Rxd2 Rxd2 33. Nf3 Nxf3 (33... Rxb2 $2 34. Nxe5 Rxa2 35. Rxg6+ Kf8 36. Rxe6 $18) 34. Kxf3 $17) (31... Nd3 32. Rxg6+ Kf7) 32. Nf3 Nd3 33. Kh2 Nf4 34. Rc2 Rb1 35. Rg1 {[%emt 0:03:02] [#]} (35. Nd2 $17 Re1 36. Re3 Rxe3 37. fxe3) 35... Rxg1 $1 36. Kxg1 {[%emt 0:01:20][%mdl 4096] Endgame KRN-KRN} Rd1+ 37. Kh2 Rb1 (37... Kf6 $19 38. Kg3 Nd3) 38. a4 $17 Nd3 (38... bxa4 $17 {and ...Nd3 would now be decisive} 39. Ne5 Re1) 39. axb5 $11 axb5 (39... Rxb2 $2 {is the wrong capture.} 40. Rxb2 axb5 41. Rxb5 $18) 40. Nd4 Nxb2 {[%emt 0:00:37] White should prevent ...Nd3.} 41. Nxb5 Nd1 42. Nd6 Rb3 43. Nxc4 Rxc3 44. Re2 $2 (44. Rxc3 $11 {and White stays safe.} Nxc3 45. f3) 1/2-1/2

[Event "29th Bosnjaci Open 2025"]
[Site "Bosnjaci"]
[Date "2025.01.05"]
[Round "4.18"]
[White "Valkovic, Kristian"]
[Black "Starcevic, Ante Leon"]
[Result "0-1"]
[ECO "B25"]
[WhiteElo "2033"]
[BlackElo "2200"]
[Annotator "TA"]
[PlyCount "42"]
[EventDate "2025.01.04"]
[EventType "swiss"]
[EventCountry "CRO"]
[SourceTitle "playchess.com"]
[Source "ChessBase"]
[SourceQuality "1"]
[TimeControl "5400+30"]

1. g3 g6 2. Bg2 Bg7 3. d3 c5 4. e4 Nc6 5. Nc3 Nf6 6. f4 d6 7. Nf3 O-O 8. O-O Rb8 9. h3 b5 10. g4 b4 11. Ne2 Nd7 12. Kh1 Qc7 13. Qe1 a5 14. Qh4 Ba6 15. f5 Nce5 16. Nf4 {[%emt 0:06:33] Threatens to win with Nd5.} Nxf3 17. Rxf3 Bb7 18. Ne6 $2 fxe6 $19 19. fxg6 hxg6 20. Bh6 Rxf3 21. Bxf3 Ne5 0-1

[Event "29th Bosnjaci Open 2025"]
[Site "Bosnjaci"]
[Date "2025.01.05"]
[Round "4.19"]
[White "Mandalinic, David"]
[Black "Vidovic, Sasa"]
[Result "1/2-1/2"]
[ECO "A53"]
[WhiteElo "1982"]
[BlackElo "2173"]
[Annotator "RC"]
[PlyCount "38"]
[EventDate "2025.01.04"]
[EventType "swiss"]
[EventCountry "CRO"]
[SourceTitle "playchess.com"]
[Source "ChessBase"]
[SourceQuality "1"]
[TimeControl "5400+30"]

1. d4 Nf6 2. c4 d6 3. Nf3 Bg4 4. Qb3 Qc8 5. h3 Bh5 6. g4 Bg6 7. g5 Nfd7 8. Nc3 e5 9. d5 Nc5 10. Qd1 a5 11. Be3 Nba6 12. h4 Bh5 13. Bxc5 Nxc5 14. Qc2 h6 15. Bh3 Bg4 16. Bxg4 Qxg4 17. Nb5 Qd7 18. O-O-O h5 19. g6 f6 1/2-1/2

[Event "29th Bosnjaci Open 2025"]
[Site "Bosnjaci"]
[Date "2025.01.05"]
[Round "4.20"]
[White "Djuric, Leon"]
[Black "Pasalic, Adnan"]
[Result "1-0"]
[ECO "D36"]
[WhiteElo "2145"]
[BlackElo "1966"]
[Annotator "RC"]
[PlyCount "95"]
[EventDate "2025.01.04"]
[EventType "swiss"]
[EventCountry "CRO"]
[SourceTitle "playchess.com"]
[Source "ChessBase"]
[SourceQuality "1"]
[TimeControl "5400+30"]

1. d4 e6 2. c4 Nf6 3. Nc3 d5 4. cxd5 exd5 5. Bg5 Be7 6. e3 O-O 7. Bd3 c6 8. Nge2 Nbd7 9. O-O Re8 10. Qc2 Nf8 11. f3 h6 12. Bh4 Ne6 13. Bf2 c5 14. dxc5 Nxc5 15. Bb5 Bd7 16. Bxd7 Ncxd7 17. Rad1 Qa5 18. Nf4 Nb6 19. Qb3 Rad8 20. Nb5 g5 21. Nd3 Nc4 22. Nc3 Qa6 23. Rfe1 Bf8 24. Nb4 Bxb4 25. Qxb4 Qc6 26. Rd4 Rc8 27. Rd3 Ne5 28. Rdd1 Nc4 29. Rc1 a5 30. Qb3 Re6 31. Nb5 Qd7 32. Nd4 Rb6 33. Qd3 Rxb2 34. Nf5 h5 35. e4 dxe4 36. Qxd7 Nxd7 37. Ne7+ Kf8 38. Nxc8 b5 39. a4 exf3 40. axb5 Nde5 41. Rcd1 fxg2 42. Rd8+ Kg7 43. Bd4 Rxb5 44. Nd6 Kg6 45. Nxb5 Nf3+ 46. Kf2 Nxe1 47. Kxe1 Ne5 48. Kf2 1-0

[Event "29th Bosnjaci Open 2025"]
[Site "Bosnjaci"]
[Date "2025.01.06"]
[Round "5.1"]
[White "Kovac, Petar"]
[Black "Saric, Ante"]
[Result "0-1"]
[ECO "D02"]
[WhiteElo "2289"]
[BlackElo "2483"]
[Annotator "TA"]
[PlyCount "76"]
[EventDate "2025.01.04"]
[EventType "swiss"]
[EventCountry "CRO"]
[SourceTitle "playchess.com"]
[Source "ChessBase"]
[SourceQuality "1"]
[TimeControl "5400+30"]

1. d4 Nf6 2. Nf3 d5 3. Bf4 c5 4. e3 Nc6 5. Nbd2 cxd4 6. exd4 Bf5 7. c3 e6 8. Qb3 {[%emt 0:02:20] The position is equal.} Bd6 9. Qxb7 Bxf4 10. Qxc6+ Kf8 11. Ba6 g6 {[%emt 0:07:43][%mdl 1024] Black has compensation.} 12. O-O (12. g3 $11 Bxd2+ 13. Nxd2) 12... Kg7 13. Nb3 Rb8 14. Rfe1 (14. g3 $15) 14... h5 $17 15. Bf1 Rb6 (15... Be4 {is interesting.} 16. Be2 Ng4 17. h3 Rb6) 16. Qa4 Qb8 (16... Be4 $17 {aiming for ...Bxf3.} 17. Ne5 (17. Qxa7 $2 Ng4 $19) 17... Bxh2+ (17... Ng4 18. g3 $17) 18. Kxh2 Ng4+ 19. Kh3 Qg5 (19... Nxf2+ 20. Kg3 $11) 20. Qxa7 (20. f3 $2 h4 $19) 20... Nxf2+ 21. Kh2 Qf4+ 22. Kg1 Nh3+ 23. Kh1 Nf2+ 24. Kg1 Nh3+ 25. Kh1 Nf2+ 26. Kg1) 17. g3 ({Better is} 17. Ne5 $1 $15) 17... Bd6 (17... h4 {keeps more tension.} 18. Ne5 hxg3 19. fxg3 Bxe5 20. dxe5 Ng4) 18. Ne5 h4 19. Re2 hxg3 20. fxg3 Be4 21. Bg2 $1 Bxe5 (21... Bxg2 {seems wilder.} 22. Kxg2 Rb7 23. Rf1 Ne4) 22. dxe5 Qxe5 23. Bxe4 $1 Nxe4 24. Qd4 {[%emt 0:01:51] Black continues to play with concentration.} (24. Qxa7 $11 {keeps the balance.} Rhb8 25. Nc5) 24... Qxd4+ 25. cxd4 Rhb8 {[%emt 0:01:23] Black is more active.} 26. Rc1 (26. Rc2 $17 {was worth a try.}) 26... Ra6 $19 27. Rc7 Rxa2 28. Nc5 {[%emt 0:00:13] [#]} (28. Nc1 Raxb2 (28... Rbxb2 $2 29. Rxb2 Rxb2 30. Nd3 $19) 29. Rxb2 Rxb2 30. Nd3) 28... Nxc5 $1 ({Not} 28... Rbxb2 29. Rxb2 Rxb2 30. Nxe6+ Kf6 31. Nf4 $15) (28... Raxb2 29. Nxe6+ Kf6 30. Rxb2 Rxb2 31. Nd8 $11) 29. dxc5 Rbxb2 ({Don't do} 29... Raxb2 30. Rxe6 Rd2 31. Re1 $19) 30. Rxb2 Rxb2 31. Rxa7 {[%emt 0:00:04][%mdl 4096] Endgame. KR-KR} Rc2 32. Rc7 (32. g4 $142) 32... d4 33. h4 (33. Rd7 $142 e5 (33... Rxc5 34. Rxd4 Rc1+ 35. Kg2 $17) 34. Rd5) 33... e5 34. Kf1 Kf6 35. c6 d3 {[%emt 0:05:23] [#] ...Rc1+ is the strong threat.} 36. Ke1 e4 {[%emt 0:00:26] ( -> ...e3)} 37. g4 e3 38. g5+ Ke6 {[%emt 0:00:15] Weighted Error Value: White=0.98/Black=0.23 (precise) .  Mistake:       	White=8     	Black=1      Inaccurate:     	White=1     	Black=2      OK:         	White=7     	Black=8      Best:        	---       	Black=5      Strong:       	White=2     	Black=1} 0-1

[Event "29th Bosnjaci Open 2025"]
[Site "Bosnjaci"]
[Date "2025.01.06"]
[Round "5.2"]
[White "Culum, Sanjin"]
[Black "Hadzovic, Amir"]
[Result "0-1"]
[ECO "C75"]
[WhiteElo "2446"]
[BlackElo "2316"]
[Annotator "TA"]
[PlyCount "148"]
[EventDate "2025.01.04"]
[EventType "swiss"]
[EventCountry "CRO"]
[SourceTitle "playchess.com"]
[Source "ChessBase"]
[SourceQuality "1"]
[TimeControl "5400+30"]

1. e4 e5 2. Nf3 Nc6 3. Bb5 a6 4. Ba4 d6 5. O-O Bd7 6. c3 Nge7 7. d4 Ng6 8. Be3 Be7 9. Nbd2 O-O 10. Re1 Kh8 11. h3 Qe8 12. dxe5 Ncxe5 13. Bxd7 Qxd7 14. Nxe5 Nxe5 15. Nf3 Nxf3+ 16. Qxf3 Qb5 17. Qe2 Qxe2 18. Rxe2 Rae8 19. g4 Bf6 20. f3 g6 21. Rd1 Bg7 22. Kf2 Re6 23. Rd5 Rfe8 24. c4 Bf6 25. Red2 Be5 26. c5 Kg8 27. cxd6 Bxd6 28. Bc5 Bf4 29. R2d3 b6 30. Bb4 Be5 31. Bc3 Bxc3 32. Rxc3 c6 33. Rd7 c5 34. Rcd3 Kf8 (34... R8e7 $14 {might be stronger.}) 35. Rb7 R8e7 (35... b5 $142) 36. Rd8+ $16 Kg7 37. Rxe7 (37. Rbb8 $16 {Threatens to win with g5.} Kh6 38. Kg3) 37... Rxe7 $14 38. Ra8 a5 39. Rb8 Re6 40. g5 c4 41. Ke3 Re5 $1 42. Rxb6 Rxg5 43. a4 Rh5 44. Rb5 Rxh3 45. Rxa5 h5 46. Rc5 Rh2 47. Rb5 $2 (47. a5 $11) 47... h4 $19 48. a5 $2 (48. e5 {is tougher.}) 48... h3 $19 49. a6 Rg2 50. a7 h2 51. a8=Q h1=Q (51... h1=R 52. Rb8 Rh7 53. Rg8+ Kh6 54. Kf4 $18 (54. Rh8 Rxh8 55. Qxh8+ Kg5 $18)) 52. Kd4 Rd2+ 53. Kc5 Qh5+ 54. Kb6 Qxf3 55. Qc6 Qf2+ 56. Kc7 Qd4 57. e5 $2 (57. Qd5) 57... Qd8+ $19 ({Inferior is} 57... Rxb2 58. Qf6+ Kg8 59. Rxb2 Qxb2 60. Qd8+ Kg7 (60... Kh7 61. Qh4+ Kg8 62. Qd8+ Kg7 63. Qf6+ Kg8 64. Qd8+ $11) 61. Qf6+ Kg8 62. Qd8+ Kh7 63. Qh4+ Kg8 64. Qd8+ $11) 58. Kb7 Rd7+ 59. Ka6 Rc7 60. Qf3 Qe7 61. Kb6 Rc8 62. Qd5 Qc7+ 63. Ka6 c3 64. bxc3 Qxc3 65. Kb6 Qc7+ (65... Qa3 $142 66. Ra5 Qb4+ 67. Rb5 Rb8+ 68. Ka6 Qxb5+ 69. Qxb5 Rxb5 70. Kxb5 g5) 66. Ka6 $19 Qc6+ (66... Re8 $142 67. Rc5 Qb8) 67. Ka5 Ra8+ 68. Kb4 Qa6 69. Qf3 Qa4+ 70. Kc5 Rc8+ 71. Kb6 Rb8+ 72. Kc7 Qxb5 73. Qxf7+ Kxf7 74. e6+ Kf6 0-1